 Dungeon Crawl Stone Soup version bcrawl-1.36.3 (webtiles) character file.

Game seed: 12814510271565504761

91139 KristoblXynda the Skirmisher (level 3, -2/29 HPs)
             Began as a Demonspawn Monk on June 19, 2022.
             Slain by a bullfrog skeleton (3 damage)
             ... on level 3 of the Dungeon.
             The game lasted 00:01:45 (1991 turns).

KristoblXynda the Skirmisher (Demonspawn Monk)      Turns: 1991, Time: 00:01:45

Health: -2/29      AC:  2    Str: 12    XL:     3   Next: 44%
Magic:  0/5        EV: 13    Int: 11    God:
Gold:   77         SH:  0    Dex: 15    Spells: 2/2 levels left

rFire    . . .     SeeInvis .     - Fists (6.7)
rCold    + . .     Gourm    .   (no shield)
rNeg     . . .     Faith    .   a - +0 robe
rPois    .         Spirit   +   b - +0 hat
rElec    .         Reflect  .   (no cloak)
rCorr    .                      (no gloves)
MR       .....                  (no boots)
Stlth    ++........             c - amulet of guardian spirit
HPRegen  0.09/turn              k - ring of protection from cold
MPRegen  0.09/turn              m - ring of wizardry

@: no status effects
A: antennae 1, powered by pain 1
a: no special abilities


You were on level 3 of the Dungeon.
You were hungry.

You visited 1 branch of the dungeon, and saw 3 of its levels.

You collected 77 gold pieces.

Inventory:

Armour
 a - a +0 robe (worn)
 b - a +0 hat (worn)
Jewellery
 c - an amulet of guardian spirit (around neck)
 k - a ring of protection from cold (left hand)
 m - a ring of wizardry (right hand)
Scrolls
 d - a scroll of remove curse
 g - 4 scrolls of amnesia {unknown}
 i - a scroll of magic mapping {unknown}
 j - a scroll of noise {unknown}
 n - 2 scrolls of teleportation {unknown}
Potions
 f - a potion of ambrosia {unknown}
 h - a potion of agility {unknown}
 l - 3 potions of curing
Comestibles
 e - 2 rations {!d}


   Skills:
 + Level 3.4 Fighting
 + Level 1.1 Armour
 + Level 3.1 Dodging
 - Level 2.0 Stealth
 + Level 3.1 Unarmed Combat
   Level 2.6 Invocations


You had 2 spell levels left.
You didn't know any spells.
Your spell library was empty.

Dungeon Overview and Level Annotations

Branches:
Dungeon (3/12)

Altars:
Kikubaaqudgha
Lugonu
Okawaru
Yredelemnul


Innate Abilities, Weirdness & Mutations

You have a pair of small antennae on your head.
You sometimes gain a little power by taking damage.


Message History

You hit the jackal.
The jackal is severely wounded.
The bat hits you but does no damage. The bat closely misses you.
The jackal closely misses you.
You hit the bat.
You kill the bat!
The jackal barely misses you.
You barely miss the jackal. You punch the jackal, but do no damage.
The jackal is severely wounded.
The jackal barely misses you. The jackal bites you.
You hit the jackal.
You kill the jackal!
You hit the bullfrog skeleton.
The bullfrog skeleton is moderately damaged.
The bullfrog skeleton hits you!
* * * LOW HITPOINT WARNING * * *
You hit the bullfrog skeleton.
The bullfrog skeleton is moderately damaged.
The bullfrog skeleton hits you.
You die...

#..........#
#..........#
##.........#..
#.............
#....†<.......
##^...)..$..?..
#..............
#Z#............
#@#########....
#.# .... #.#
... ..# .. ...
.... .?..
......


You could see a bullfrog skeleton.

Vanquished Creatures
  An ooze (D:2)
  2 worms
  2 dart slugs
  A leopard gecko (D:2)
  3 bats
  A giant cockroach (D:2)
  2 goblins (D:2)
  6 hobgoblins
  4 jackals
  2 kobolds (D:2)
  A frilled lizard (D:2)
  3 rats
28 creatures vanquished.

Notes
Turn   | Place    | Note
-------+----------+-------------------------------------------
     0 | D:1      | KristoblXynda the Demonspawn Monk began the quest for the
                  | Orb.
     0 | D:1      | Reached XP level 1. HP: 18/18 MP: 2/2
   702 | D:1      | Gained mutation: You have a pair of small antennae on your
                  | head. [demonic ancestry]
   702 | D:1      | Reached XP level 2. HP: 24/24 MP: 4/4
  1413 | D:2      | Found an iron altar of Okawaru.
  1530 | D:2      | Found a basalt altar of Yredelemnul.
  1604 | D:2      | Reached skill level 1 in Armour
  1604 | D:2      | Gained mutation: You sometimes gain a little power by
                  | taking damage. [demonic ancestry]
  1604 | D:2      | Reached XP level 3. HP: 28/29 MP: 5/5
  1771 | D:2      | Found an ancient bone altar of Kikubaaqudgha.
  1783 | D:2      | Found a corrupted altar of Lugonu.
  1990 | D:3      | HP: 1/29 [bullfrog skeleton (9)]
  1991 | D:3      | Slain by a bullfrog skeleton

Skill      XL: |  1  2 |
---------------+-------+-----
Dodging        | 3 |  3.1
Unarmed Combat | 3 |  3.1
Armour         | 1 |  1.1
Fighting       | |  3.4
Stealth        | |  2.0
Invocations    | |  2.6

Action                   || total
-------------------------++-------
Melee: Unarmed           ||   106
       Punch             ||     2
  Use: Scroll            ||     1
       Potion            ||     1
 Stab: Sleeping          ||     8
       Distracted        ||     1
  Eat: Chunk             ||     5
Armor: Robe              ||    11
Dodge: Dodged            ||    65
